 Dungeon Crawl Stone Soup version 0.22.1-2-g9c5b331 (webtiles) character file.

293 WarriorsX the Chopper (level 6, -2/52 HPs)
             Began as a Human Berserker on Dec 15, 2018.
             Was a Priest of Trog.
             Slain by an iguana (8 damage)
             ... on level 4 of the Dungeon.
             The game lasted 00:06:34 (3347 turns).

WarriorsX the Chopper (Human Berserker)             Turns: 3347, Time: 00:06:35

Health: -2/52      AC:  6    Str: 19    XL:     6   Next: 60%
Magic:  6/6        EV: 11    Int:  7    God:    Trog [***...]
Gold:   157        SH:  0    Dex: 13    Spells: 5/5 levels left

rFire    . . .     SeeInvis .   a - +0 hand axe
rCold    . . .     Gourm    .   (no shield)
rNeg     . . .     Faith    .   g - +0 scale mail
rPois    .         Spirit   .   (no helmet)
rElec    .         Reflect  .   (no cloak)
rCorr    .         Harm     .   (no gloves)
MR       ++...                  (no boots)
Stlth    ..........             (no amulet)
HPRegen  1.17/turn              (no ring)
MPRegen  0.10/turn              (no ring)

@: lethally poisoned (-2 -> -2), berserk cooldown, regenerating, slowed, very
slow
A: sense surroundings 1, robust 1
a: Berserk, Trog's Hand, Renounce Religion


You were on level 4 of the Dungeon.
You worshipped Trog.
Trog was most pleased with you.
You were near starving.

You visited 1 branch of the dungeon, and saw 4 of its levels.

You collected 157 gold pieces.

Inventory:

Hand Weapons
 a - a +0 hand axe (weapon)
 e - a +0 spear
Armour
 g - a +0 scale mail (worn)
Wands
 l - a wand of enslavement (9)
Scrolls
 d - a scroll of fear
 f - 4 scrolls of identify
Potions
 h - a potion of invisibility
Comestibles
 c - 8 rations


   Skills:
 + Level 3.9 Fighting
 + Level 5.5 Axes
 + Level 2.1 Armour
 + Level 3.4 Dodging


You had 5 spell levels left.
You didn't know any spells.
Your spell library was empty.

Dungeon Overview and Level Annotations

Branches:
Dungeon (4/15)
 Temple: D:4-7

Altars:
Hepliaklqana


Innate Abilities, Weirdness & Mutations

You passively map a small area around you.
You are robust. (+10% HP)


Message History

You feel yourself slow down.
The iguana hisses angrily.
You feel sick.
You hit the iguana.
The iguana is moderately wounded.
You feel sick. The iguana barely misses you.
You completely miss the iguana.
The iguana is moderately wounded.
You feel sick. The iguana bites you.
* * * LOW HITPOINT WARNING * * *
You hit the iguana.
The iguana is heavily wounded.
You feel sick. The iguana bites you.
* * * LOW HITPOINT WARNING * * *
The iguana bites you.
* * * LOW HITPOINT WARNING * * *
You closely miss the iguana.
The iguana is heavily wounded.
You feel sick. The iguana bites you!
You die...

, * ##.....# *
#......####......#
.>...., ).......#
..... #......# *
...[,,*####.....# ,
###.. ##.....(..#
####...#####..........
*,
#...l#.............<..
###.###@.#*
##.#....... .........#
#.##.....# #..#####.#
#.###...#. * ,** #.#
#.# #####. #.## #.#
###. * *** #..# #.#
#... *
####.#####.#####... ,
*, #..........[...>.#.
* ,
#............######


You could see an iguana.

Vanquished Creatures
  A scorpion (D:4)
  A centaur zombie (D:4)
  4 gnolls (D:2)
  7 adders
  An adder skeleton (D:4)
  4 worms (D:2)
  5 dart slugs
  A leopard gecko (D:1)
  An orc (D:3)
  6 giant cockroaches
  6 goblins
  9 hobgoblins
  6 jackals
  13 kobolds
  4 quokkas
  A ball python (D:1)
  8 bats
  4 frilled lizards
  10 rats
92 creatures vanquished.

Notes
Turn   | Place    | Note
-------+----------+-------------------------------------------
     0 | D:1      | WarriorsX the Human Berserker began the quest for the Orb.
     0 | D:1      | Reached XP level 1. HP: 18/18 MP: 1/1
   101 | D:1      | Reached XP level 2. HP: 20/24 MP: 2/2
   268 | D:1      | Reached XP level 3. HP: 21/29 MP: 3/3
   448 | D:1      | Reached ** piety under Trog
   980 | D:2      | Gained mutation: You passively map a small area around you.
                  | [potion of mutation]
   980 | D:2      | Gained mutation: You are robust. (+10% HP) [potion of
                  | mutation]
  1170 | D:2      | Reached skill level 4 in Axes
  1170 | D:2      | Reached XP level 4. HP: 18/38 MP: 4/4
  1671 | D:2      | Reached XP level 5. HP: 8/45 MP: 5/5
  1917 | D:2      | Found a hazy altar of Hepliaklqana.
  2665 | D:3      | Reached skill level 5 in Axes
  2667 | D:3      | Reached *** piety under Trog
  2939 | D:3      | Reached XP level 6. HP: 36/52 MP: 6/6
  3347 | D:4      | Slain by an iguana

Skill      XL: |  1  2  3  4  5 |
---------------+----------------+-----
Axes           | 4 5 |  5.5
Dodging        | 3 |  3.4
Fighting       | |  3.9
Armour         | |  2.1

Action                   |  1- 3 |  4- 6 || total
-------------------------+-------+-------++-------
Melee: Hand axe          |   110 |   218 ||   328
Invok: Berserk           |     1 |     3 ||     4
       Trog's Hand       |     1 |     4 ||     5
  Use: Potion            |     3 |       ||     3
       Scroll            |       |     5 ||     5
 Stab: Sleeping          |       |     1 ||     1
  Eat: Chunk             |     1 |    11 ||    12
Armor: Animal skin       |    24 |    31 ||    55
       Scale mail        |       |     3 ||     3
Dodge: Dodged            |    82 |   159 ||   241
